 Dungeon Crawl Stone Soup version 0.25.0-1-g7eea58d2a3 (webtiles) character file.

Game seed: 9769685064832097786

18534 dorian the Fighter (level 12, -11/210 HPs)
             Began as an Ogre Hunter on June 14, 2020.
             Was an Elder of Trog.
             Mangled by Snorg (17 damage)
             ... on level 2 of the Lair of Beasts.
             The game lasted 00:42:38 (23251 turns).

dorian the Fighter (Ogre Hunter)                   Turns: 23251, Time: 00:42:39

Health: -11/210    AC:  8    Str: 22    XL:     12   Next: 59%
Magic:  0/12       EV: 12    Int: 12    God:    Trog [****..]
Gold:   808        SH: 16    Dex: 13    Spells: 11/11 levels left

rFire    . . .     SeeInvis .   y - +2 trident of the Hidden Vale {venom, MR+ Str+3}
rCold    . . .     Gourm    .   u - +0 tower shield
rNeg     . . .     Faith    .   B - +0 robe (curse)
rPois    +         Spirit   +   (helmet restricted)
rElec    .         Reflect  .   w - +0 cloak
rCorr    .         Harm     .   (gloves unavailable)
MR       ++...                  (boots unavailable)
Stlth    ..........             s - amulet of guardian spirit
HPRegen  0.45/turn              q - ring of poison resistance
MPRegen  0.13/turn              H - +4 ring of protection

@: berserking (expiring), very quick
A: large, unfitting armour, tough skin 1
a: Berserk, Trog's Hand, Brothers in Arms, Renounce Religion


You were on level 2 of the Lair of Beasts.
You worshipped Trog.
Trog was greatly pleased with you.
You were near starving.

You visited 3 branches of the dungeon, and saw 16 of its levels.

You collected 1012 gold pieces.
You spent 204 gold pieces at shops.

Inventory:

Hand Weapons
 h - a +0 giant spiked club
 k - a cursed +4 dire flail
 y - the +2 trident of the Hidden Vale (weapon) {venom, MR+ Str+3}
   (You bought it in a shop on level 7 of the Dungeon)

   It poisons the flesh of those it strikes.
   It affects your strength (+3).
   It affects your resistance to hostile enchantments.
 D - a +2 vampiric battleaxe
 Q - a +4 dire flail of freezing
Missiles
 b - a boomerang
 i - 11 large rocks (quivered)
 K - a throwing net
 N - 2 silver javelins
Armour
 u - a +0 tower shield (worn)
 w - a +0 cloak (worn)
 B - a cursed +0 robe (worn)
 P - a +1 robe of magic resistance
Jewellery
 n - an uncursed ring of protection from magic
 q - a ring of poison resistance (left hand)
 s - an amulet of guardian spirit (around neck)
 A - an uncursed amulet of regeneration
 H - a +4 ring of protection (right hand)
 J - a +6 ring of intelligence
Wands
 a - a wand of acid (13)
 e - a wand of disintegration (8)
 z - a wand of flame (66)
 G - a wand of enslavement (3)
 M - a wand of polymorph (5)
 T - a wand of iceblast (9)
 W - a wand of paralysis (6)
 X - a wand of digging (4)
Scrolls
 c - 2 scrolls of identify
 g - 9 scrolls of teleportation
 j - a scroll of fear
 o - 3 scrolls of blinking
 t - 2 scrolls of enchant weapon
 v - 5 scrolls of enchant armour
 F - 5 scrolls of immolation
 S - a scroll of fog
Potions
 d - 2 potions of curing
 l - 3 potions of haste
 m - 2 potions of flight
 p - 2 potions of ambrosia
 r - a potion of cancellation
 E - 2 potions of mutation
 O - a potion of magic
 U - a potion of heal wounds
Comestibles
 f - 16 rations


   Skills:
 + Level 14.8 Fighting
 + Level 12.2 Throwing
 - Level 8.5 Dodging
 - Level 0.6 Stealth
 + Level 7.0 Shields


You had 11 spell levels left.
You didn't know any spells.
Your spell library was empty.

Dungeon Overview and Level Annotations

Branches:
Dungeon (12/15)            Temple (1/1) D:6            Lair (3/6) D:10
    Orc (0/2) D:9
  Swamp: Lair:2-4    Shoals: Lair:2-4     Snake: Lair:2-4    Spider: Lair:2-4

Altars:
Ashenzari
Cheibriados
Dithmenos
Elyvilon
Fedhas
Gozag
Hepliaklqana
Kikubaaqudgha
Makhleb
Nemelex Xobeh
Okawaru
Qazlal
Ru
Sif Muna
Trog
Uskayaw
Vehumet
Wu Jian
Xom
Yredelemnul
Zin
The Shining One

Shops:
D:6 %   D:7 (

Annotations:
D:9 exclusion: oklob plant
Lair:2 Snorg


Innate Abilities, Weirdness & Mutations

You are too large for most types of armour.
You have tough skin. (AC +1)


Message History

You puncture Snorg!
Snorg looks as sick as possible!
Snorg is moderately wounded.
Snorg bites you!! You block Snorg's attack. Snorg claws you!
* * * LOW HITPOINT WARNING * * *
You puncture Snorg!
Snorg looks as sick as possible!
Snorg is moderately wounded.
You block Snorg's attack. Snorg claws you.
* * * LOW HITPOINT WARNING * * *
Snorg claws you!
* * * LOW HITPOINT WARNING * * *
Snorg bites you!!
* * * LOW HITPOINT WARNING * * *
You block Snorg's attack. Snorg claws you!
* * * LOW HITPOINT WARNING * * *
You are too berserk!
You are too berserk!
You completely miss Snorg.
Snorg is heavily wounded.
Snorg bites you!!
You die...

...#P................P..........#
.#.#.........###................#
#...........## #...#...........##
....##...#..####..##.............
....#P..#........................
.........#...#...##............##
...........P.#.....#.......#....#
.............#.T...........#....#
................@............P...
...............รท..........#...#..
.............#.....#..........##.
..............#.......#....P###..
...............................#P
........................#.P......
.......................####P.....
#.................#....#########.
##...............##.....#.### #.


You could see Snorg (berserk, extremely poisoned).

Vanquished Creatures
  A hydra (Lair:1)
  4 two-headed ogres
  Pikel (D:7)
  2 cyclopes (D:11)
  An ugly thing (D:10)
  A centaur zombie (D:11)
  A black mamba (Lair:1)
  A centaur skeleton (D:10)
  A torpor snail (Lair:2)
  A kobold demonologist (D:11)
  3 spiny frogs (Lair:2)
  A troll (D:11)
  Prince Ribbit (D:8)
  A hornet (D:10)
  4 hippogriffs
  Sigmund (D:4)
  3 wyverns
  A yak (D:10)
  A basilisk (Lair:2)
  A hungry ghost (D:10)
  3 water moccasins (Lair:1)
  3 porcupines
  An ice beast (D:11)
  A slave (D:6)
  6 orc warriors
  A black bear (D:10)
  8 phantoms
  2 sky beasts
  2 eyes of draining
  5 ogres
  10 wolves (Lair:2)
  7 centaurs
  2 crocodiles
  9 bullfrogs
  2 big kobolds
  4 scorpions
  18 killer bees
  13 wights
  4 bullfrog zombies
  6 crimson imps
  10 jellies
  14 orc priests
  Crazy Yiuf (D:3)
  2 bullfrog skeletons
  6 hounds
  13 orc wizards
  3 iron imps (D:8)
  An iguana (D:10)
  15 worker ants
  A killer bee zombie (D:9)
  A hound skeleton (D:9)
  A howler monkey zombie (D:11)
  5 adders
  7 gnolls
  A howler monkey skeleton (D:8)
  A river rat (D:4)
  A shadow imp (D:5)
  11 oozes
  An adder skeleton (D:4)
  2 worms
  3 dart slugs (D:1)
  A leopard gecko (D:3)
  49 orcs
  7 giant cockroaches
  17 goblins
  11 hobgoblins
  11 jackals
  5 quokkas
  4 ball pythons
  7 bats
  7 frilled lizards
  27 kobolds
  A quokka zombie (D:8)
  5 rats
  A bush (D:3)
391 creatures vanquished.

Vanquished Creatures (others)
  A slave (D:7)
  A human (D:7)
  12 fungi
14 creatures vanquished.

Grand Total: 405 creatures vanquished

Notes
Turn   | Place    | Note
-------+----------+-------------------------------------------
     0 | D:1      | dorian the Ogre Hunter began the quest for the Orb.
     0 | D:1      | Reached XP level 1. HP: 22/22 MP: 1/1
   418 | D:1      | Reached skill level 3 in Fighting
   420 | D:1      | Reached XP level 2. HP: 31/31 MP: 2/2
   751 | D:1      | Reached XP level 3. HP: 19/37 MP: 3/3
  1631 | D:2      | Reached XP level 4. HP: 39/48 MP: 4/4
  1959 | D:2      | Reached skill level 4 in Fighting
  2544 | D:3      | Found a shimmering blue altar of Sif Muna.
  2605 | D:3      | Reached XP level 5. HP: 55/55 MP: 5/5
  2684 | D:3      | Found a runed translucent door.
  2685 | D:3      | Noticed Crazy Yiuf
  2792 | D:3      | Killed Crazy Yiuf
  2890 | D:3      | Reached skill level 5 in Throwing
  2893 | D:3      | Reached skill level 5 in Fighting
  3351 | D:3      | Reached XP level 6. HP: 66/66 MP: 6/6
  3759 | D:4      | Noticed Sigmund
  3768 | D:4      | Killed Sigmund
  4013 | D:4      | Reached XP level 7. HP: 62/74 MP: 7/7
  4122 | D:4      | Reached skill level 6 in Fighting
  4344 | D:4      | Found a radiant altar of Vehumet.
  4936 | D:5      | Entered Level 5 of the Dungeon
  5172 | D:5      | Reached skill level 7 in Fighting
  5193 | D:5      | Reached XP level 8. HP: 87/87 MP: 8/8
  5417 | D:5      | Reached skill level 5 in Dodging
  5881 | D:5      | Found a white marble altar of Elyvilon.
  6380 | D:6      | Reached skill level 8 in Fighting
  6414 | D:6      | Found a staircase to the Ecumenical Temple.
  6432 | Temple   | Entered the Ecumenical Temple
  6757 | D:6      | Found Apsi's Food Emporium.
  7501 | D:7      | Reached XP level 9. HP: 97/97 MP: 9/9
  7523 | D:7      | Reached skill level 9 in Fighting
  7524 | D:7      | Found a stormy altar of Qazlal.
  8172 | D:7      | Found an ancient bone altar of Kikubaaqudgha.
  8231 | D:7      | Found Igatouhy's Antique Weapon Shoppe.
  9271 | D:6      | Reached skill level 10 in Fighting
  9600 | D:7      | Noticed Pikel
  9934 | D:6      | HP: 4/101 [killer bee (2)]
 11399 | D:7      | Bought an encrusted trident for 204 gold pieces
 11428 | D:7      | Found a shadowy altar of Dithmenos.
 11730 | D:7      | Killed Pikel
 11730 | D:7      | Reached skill level 11 in Fighting
 11730 | D:7      | Reached XP level 10. HP: 81/113 MP: 8/10
 12028 | D:8      | Identified the +2 trident of the Hidden Vale {venom, MR+
                  | Str+3} (You bought it in a shop on level 7 of the Dungeon)
 12172 | D:8      | Found a bloodstained altar of Trog.
 12196 | D:8      | Became a worshipper of Trog the Wrathful
 12511 | D:8      | Noticed Prince Ribbit
 12532 | D:8      | Killed Prince Ribbit
 12541 | D:8      | Noticed a two-headed ogre
 12615 | D:8      | Killed a two-headed ogre
 13473 | D:8      | Reached skill level 10 in Throwing
 13674 | D:8      | Reached skill level 12 in Fighting
 13830 | D:8      | Found a burning altar of Makhleb.
 13865 | D:8      | Reached * piety under Trog
 13865 | D:8      | Reached skill level 1 in Shields
 14284 | D:9      | Found a hazy altar of Hepliaklqana.
 14290 | D:9      | Found a shattered altar of Ashenzari.
 14304 | D:9      | Found a glowing golden altar of the Shining One.
 14569 | D:9      | Reached XP level 11. HP: 82/123 MP: 8/11
 14712 | D:9      | Noticed a two-headed ogre
 14719 | D:9      | Killed a two-headed ogre
 14897 | D:9      | Found a shimmering altar of Xom.
 14898 | D:9      | Found an iron altar of Okawaru.
 14898 | D:9      | Found an opulent altar of Gozag.
 15079 | D:9      | Found a hide-covered altar of Uskayaw.
 15356 | D:9      | Reached ** piety under Trog
 15374 | D:9      | Found a staircase to the Orcish Mines.
 15560 | D:9      | Noticed an oklob plant
 16058 | D:10     | Entered Level 10 of the Dungeon
 16542 | D:10     | Found a white marble altar of Elyvilon.
 16633 | D:10     | Reached skill level 13 in Fighting
 17234 | D:10     | Found a staircase to the Lair.
 17252 | D:10     | Reached *** piety under Trog
 17637 | D:11     | Noticed a green ugly thing
 17648 | D:10     | Killed a green ugly thing
 18070 | D:11     | Noticed a two-headed ogre
 18080 | D:11     | Killed a two-headed ogre
 18104 | D:11     | Reached skill level 5 in Shields
 18544 | D:11     | Noticed a cyclops
 18550 | D:11     | Killed a cyclops
 18749 | D:11     | Noticed a two-headed ogre
 18768 | D:11     | Killed a two-headed ogre
 18768 | D:11     | Reached skill level 14 in Fighting
 18768 | D:11     | Reached XP level 12. HP: 125/139 MP: 10/12
 19553 | D:12     | Noticed a centaur warrior
 19601 | Lair:1   | Entered Level 1 of the Lair of Beasts
 20070 | Lair:1   | Noticed a five-headed hydra
 20074 | Lair:1   | Killed a five-headed hydra
 20112 | Lair:1   | Reached **** piety under Trog
 22871 | Lair:3   | Noticed Snorg
 23250 | Lair:2   | HP: 6/210 [Snorg (15)]
 23251 | Lair:2   | Mangled by Snorg

Illustrated notes

Levels and vault maps discovered:
D:1:      saegor_arrival_simple_e, layout_loops_ring
D:2:      layout_loops_ring, first_ration
D:3:      layout_loops_cross, nicolae_overflow_crystal_walls,
          cheibrodos_gnoll_hut, uniq_crazy_yiuf_cottage
D:4:      corexii_shantytown, layout_loops_ring, vehumet_altar_wand_db,
          portal_sewer_entry_b, uniq_sigmund
D:5:      layout_loops_corners, elyvilon_altar_4
D:6:      layout_basic, temple_pool_b, serial_shops, nicolae_shop_stone,
          minmay_quadrilaterals
D:7:      layout_cave_pools, lemuel_doored_altar, basic_altar, serial_shops,
          shop, grunt_ogre_cave, tgw_kikubaaqudgha, uniq_pikel
D:8:      layout_basic, lightli_temple_of_fire, demons_altar,
          uniq_prince_ribbit1
D:9:      lemuel_slime, layout_small_grid, grunt_temple_overflow_open,
          lemuel_crystal_altar, tso_metal_star, lemuel_round_altar
D:10:     layout_stronghold, grunt_lair_entry_orc_guard_hut, basic_altar
D:11:     layout_loops_ring
D:12:     layout_grid_maze, kennysheep_generic_room_8
Temple:   zaba_magenta_temple
Lair:1:   layout_loops_ring
Lair:2:   layout_layer_cave, st_stairs_3
Lair:3:   layout_gridlike, minmay_snake_entry_six_corridors, wad_woods_02,
          uniq_sonja, uniq_snorg

Skill      XL: |  1  2  3  4  5  6  7  8  9 10 11 12 |
---------------+-------------------------------------+-----
Fighting       | 3 4 5 7 8 11 12 14 | 14.8
Dodging        | 2 3 4 6 7 8 |  8.5
Throwing       | 5 6 7 9 10 11 12 | 12.2
Shields        | 2 5 7 |  7.0
Stealth        | |  0.6

Action                   |  1- 3 |  4- 6 |  7- 9 | 10-12 || total
-------------------------+-------+-------+-------+-------++-------
Melee: Short sword       |   122 |       |       |       ||   122
       Dagger            |    25 |    74 |       |       ||    99
       Quarterstaff      |       |    90 |    78 |       ||   168
       Rapier            |       |       |   363 |    23 ||   386
       Trident           |       |       |       |   818 ||   818
Throw: Throwing net      |     1 |     2 |     2 |     5 ||    10
       Large rock        |       |    12 |    40 |    49 ||   101
       Javelin           |       |       |    39 |    11 ||    50
       Boomerang         |       |       |       |    82 ||    82
Invok: Berserk           |       |       |       |     3 ||     3
Evoke: Wand              |       |       |     2 |       ||     2
  Use: Scroll            |     5 |     1 |    10 |    13 ||    29
       Potion            |       |       |     5 |       ||     5
 Stab: Sleeping          |     1 |     1 |     2 |     2 ||     6
       Distracted        |       |       |       |     2 ||     2
  Eat: Chunk             |     2 |     8 |    16 |    20 ||    46
       Ration            |       |       |     3 |     9 ||    12
Armor: Robe              |    44 |    43 |   121 |   136 ||   344
Dodge: Dodged            |    90 |    77 |   398 |   321 ||   886
Block: Tower shield      |       |       |       |   560 ||   560
